 Dungeon Crawl Stone Soup version 0.31-a0-1159-g800acc2fd1 (webtiles) character file.

Game seed: 5710787672011296825

503 Malachi the Magician (level 7, -11/45 HPs)
             Began as a Djinni Fire Elementalist on Dec 8, 2023.
             Mangled by a wight
             ... wielding a +0 great sword
              (15 damage)
             ... on level 4 of the Dungeon.
             The game lasted 00:07:01 (4207 turns).

Malachi the Magician (Djinni Fire Elementalist)     Turns: 4207, Time: 00:07:02

Health: -11/45     AC:  2    Str:  7    XL:     7   Next: 40%
Gold:   151        EV: 12    Int: 18    God:
                   SH:  0    Dex: 14

rFire   + + .        c - +1 dagger
rCold   x . .        (no shield)
rNeg    . . .        a - +0 robe
rPois   ∞            (no helmet)
rElec   .            (no cloak)
rCorr   .            (no gloves)
SInv    .            (boots unavailable)
Will    .....        (no amulet)
Stlth   ++           (no ring)
HPRegen 0.27/turn    (no ring)
MPRegen 0.00/turn

%: infuse magic (-12 HP)
@: about to teleport, flying
A: sickness immunity, fire resistance 2, cold vulnerability 1, float, innate
caster, HP casting, extra vitality 1
a: no special abilities


You were on level 4 of the Dungeon.
You visited 1 branch of the dungeon, and saw 4 of its levels.

You collected 151 gold pieces.

Inventory:

Hand Weapons
 c - a +1 dagger (weapon)
Armour
 a - a +0 robe (worn)
 d - a +0 helmet
Jewellery
 g - a ring of fire
 h - a +6 ring of dexterity
 j - a ring of resist corrosion
 l - an amulet of faith
Wands
 e - a wand of iceblast (5)
Scrolls
 b - a scroll of poison
Potions
 i - a potion of haste {unknown}
 k - 2 potions of curing {unknown}
 m - 2 potions of degeneration {unknown}


   Skills:
 - Level 2.1 Dodging
 - Level 1.5 Stealth
 * Level 6.2 Spellcasting
 * Level 6.2 Conjurations
 * Level 6.2 Hexes
   Level 0.0 Charms
 * Level 6.2 Summonings
 * Level 6.2 Necromancy
 * Level 6.2 Translocations
 * Level 6.2 Transmutations
 * Level 6.2 Fire Magic
 * Level 6.2 Ice Magic
 * Level 6.2 Air Magic
 * Level 6.2 Earth Magic
 * Level 6.2 Poison Magic


You knew the following spells:

 Your Spells              Type           Power      Damage    Failure   Level
a - Foxfire               Conj/Fire      100%       2x1d9     1%          1
b - Scorch                Fire           56%        2d7       1%          2
c - Volatile Blastmotes   Fire/Tloc      56%        2d14      2%          3
d - Inner Flame           Hex/Fire       28%        N/A       2%          3
e - Flame Wave            Conj/Fire      28%        2d9       9%          4
f - Sandblast             Erth           56%        2d13      1%          1
g - Poisonous Vapours     Pois/Air       56%        N/A       1%          2
h - Ignite Poison         Fire/Tmut/Pois 28%        N/A       2%          3
Your spell library was empty.

Dungeon Overview and Level Annotations

Branches:
Dungeon (4/15)             Temple (0/1) D:4

Altars:
Dithmenos
Elyvilon
Hepliaklqana
Xom
Zin
The Shining One

Shops:
D:3 (


Innate Abilities, Weirdness & Mutations

You are immune to sickness and miasma.
You are immune to poison.
Your flesh is very heat resistant. (rF++)
You are vulnerable to cold. (rC-)
You float through the air rather than walking.
You learn spells naturally, not from books.
Your magical power is your life essence.
You have superior vitality. (+4 MHP)


Message History

The wight hits you with a +0 great sword!
Aiming: Sandblast (safe; 1% risk of failure)
Press: ? - help, Q - select action, (/) - cycle Shift-Dir - straight line, f/p - wight
Aim: a wight, wielding a +0 great sword and wearing a +0 robe (83% to hit)
The blast of sand hits the wight.
The wight is lightly damaged.
The wight closely misses you.
Okay, then.
Okay, then.
Casting: Sandblast (safe; 1% risk of failure)
Confirm with . or Enter, or press ? or * to list all spells.
Okay, then.
Casting: Sandblast (safe; 1% risk of failure)
Confirm with . or Enter, or press ? or * to list all spells.
Flames lash the wight.
The wight is moderately damaged.
The wight's fire resistance burns away.
Casting: Scorch (safe; 1% risk of failure)
Confirm with . or Enter, or press ? or * to list all spells.
Flames lash the wight.
The wight is burned terribly!
The wight is severely damaged.
The wight closely misses you.
A wight comes into view. It is wielding a +5 long sword.
The wight closely misses you. The wight attacks as it pursues you!
The wight hits you with a +4 flail! The wight barely misses you.
The wight attacks as it pursues you! The wight hits you with a +4 flail!
* * * LOW HITPOINT WARNING * * *
Casting: Scorch (safe; 1% risk of failure)
Confirm with . or Enter, or press ? or * to list all spells.
Flames lash the wight.
The wight is moderately damaged.
The wight's fire resistance burns away.
* * * LOW HITPOINT WARNING * * *
A wight comes into view. It is wielding a +0 spear.
The wight attacks as it pursues you! The wight misses you.
As you read the scroll labelled NIDUGU LUNIU, it crumbles to dust.
You feel strangely unstable.
It was a scroll of teleportation.
The wight hits you with a +0 great sword!
You die...

...⌠.#.>.##.#
#...#...#..#
######.###.##.##
#...#...#...#.#
#.⌠...⌠.÷.⌠...#
#...#zz.#...###
##z###.######
#.. #..z#...# #.
#.⌠z@.⌠.# #.
#...#...# #
#########


You could see 4 wights.

Vanquished Creatures
  An ogre (D:4)
  A scorpion (D:4)
  A hound (D:4)
  A jelly (D:4)
  Jessica (D:2)
  Natasha (twice) (D:4)
  An iguana (D:4)
  Robin (D:4)
  3 gnolls (D:4)
  5 adders
  4 worms
  A dart slug (D:1)
  8 ball pythons
  10 endoplasms
  12 giant cockroaches
  15 goblins
  10 hobgoblins
  8 kobolds
  3 quokkas
  8 bats
  7 rats
103 creatures vanquished.

Vanquished Creatures (others)
  199 foxfires
199 creatures vanquished.

Grand Total: 302 creatures vanquished

Notes
Turn   | Place    | Note
-------+----------+-------------------------------------------
     0 | D:1      | Malachi the Djinni Fire Elementalist began the quest for
                  | the Orb.
     0 | D:1      | Malachi set off with the following spells memorised:
                  | Foxfire, Scorch, Volatile Blastmotes, Inner Flame, Flame
                  | Wave.
     0 | D:1      | Reached XP level 1. HP: 15/15 MP: 0/0
   377 | D:1      | Reached XP level 2. HP: 15/21 MP: 0/0
   660 | D:1      | Reached XP level 3. HP: 18/25 MP: 0/0
   660 | D:1      | Learned a level 1 spell: Sandblast
  1297 | D:2      | Reached XP level 4. HP: 27/31 MP: 0/0
  1738 | D:2      | Noticed Jessica
  1745 | D:2      | Killed Jessica
  1746 | D:2      | Reached XP level 5. HP: 28/35 MP: 0/0
  1746 | D:2      | Learned a level 2 spell: Poisonous Vapours
  1870 | D:2      | Found a faded altar of an unknown god.
  2269 | D:3      | Found Dadghanas's Antique Weapon Emporium.
  2303 | D:3      | Found a shimmering altar of Xom.
  2438 | D:3      | Found a white marble altar of Elyvilon.
  2547 | D:3      | Found a glowing silver altar of Zin.
  2886 | D:3      | Found a shadowy altar of Dithmenos.
  2898 | D:3      | Found a hazy altar of Hepliaklqana.
  3039 | D:4      | Noticed an ogre
  3044 | D:4      | Killed an ogre
  3045 | D:4      | Reached skill level 5 in Spellcasting
  3045 | D:4      | Reached skill level 5 in Conjurations
  3045 | D:4      | Reached skill level 5 in Hexes
  3045 | D:4      | Reached skill level 5 in Summonings
  3045 | D:4      | Reached skill level 5 in Necromancy
  3045 | D:4      | Reached skill level 5 in Translocations
  3045 | D:4      | Reached skill level 5 in Transmutations
  3045 | D:4      | Reached skill level 5 in Fire Magic
  3045 | D:4      | Reached skill level 5 in Ice Magic
  3045 | D:4      | Reached skill level 5 in Air Magic
  3045 | D:4      | Reached skill level 5 in Earth Magic
  3045 | D:4      | Reached skill level 5 in Poison Magic
  3045 | D:4      | Reached XP level 6. HP: 37/40 MP: 0/0
  3102 | D:4      | Noticed Natasha
  3106 | D:4      | Killed Natasha
  3284 | D:4      | Found a glowing golden altar of the Shining One.
  3354 | D:4      | Reached XP level 7. HP: 34/45 MP: 0/0
  3354 | D:4      | Learned a level 3 spell: Ignite Poison
  3463 | D:4      | Noticed Robin
  3475 | D:4      | Killed Robin
  3841 | D:4      | Found a staircase to the Ecumenical Temple.
  3842 | D:4      | Noticed Natasha
  3850 | D:4      | Killed Natasha
  4207 | D:4      | Mangled by a wight

Illustrated notes

Levels and vault maps discovered:
D:1:      scummos_arrival_simple_fountains, layout_basic,
          minmay_misc_feat_plants
D:2:      minmay_roachtagon, layout_rooms, shapermc_ecumenical_altar_flowoftime,
          uniq_jessica
D:3:      layout_loops_corners, lemuel_doored_altar, lemuel_crystal_altar,
          zin_academy, elyvilon_altar_1, mainiacjoe_overflow_brackets,
          serial_shops, nicolae_square_shop
D:4:      layout_basic, mainiacjoe_overflow_catwalk,
          minmay_temple_entry_nine_rooms, cheibrodos_sewer_entry_bend,
          uniq_robin, uniq_grinder, uniq_natasha

Skill      XL: |  1  2  3  4  5  6  7 |
---------------+----------------------+-----
Spellcasting   | 4 5 6 |  6.2
Conjurations   | 4 5 6 |  6.2
Hexes          | 4 5 6 |  6.2
Summonings     | 4 5 6 |  6.2
Necromancy     | 4 5 6 |  6.2
Translocations | 4 5 6 |  6.2
Transmutations | 4 5 6 |  6.2
Fire Magic     | 4 5 6 |  6.2
Ice Magic      | 4 5 6 |  6.2
Air Magic      | 4 5 6 |  6.2
Earth Magic    | 4 5 6 |  6.2
Poison Magic   | 4 5 6 |  6.2
Dodging        | |  2.1
Stealth        | |  1.5

Action                     |  1- 3 |  4- 6 |  7- 9 || total
---------------------------+-------+-------+-------++-------
  Melee: Unarmed           |    27 |       |       ||    27
         Dagger            |    23 |     9 |       ||    32
   Cast: Foxfire           |    34 |    85 |       ||   119
         Sandblast         |     9 |    37 |    31 ||    77
         Scorch            |       |       |     3 ||     3
    Use: Scroll            |       |     5 |     1 ||     6
   Stab: Sleeping          |       |     2 |       ||     2
 Armour: Robe              |    49 |    28 |    19 ||    96
  Dodge: Dodged            |    42 |    24 |    14 ||    80

Table legend: (Time is in decaauts)
 A = Elapsed time spent in this place.
 B = Non-inter-level travel time spent in this place.
 C = Inter-level travel time spent in this place.
 D = Time resting spent in this place.
 E = Time spent auto-exploring this place.
 F = Levels seen in this place.
 G = Mean time per level.
                   A        B        C        D        E       F      G
               +--------+--------+--------+--------+--------+-----+--------+
         Total |   4245 |   4140 |    105 |    872 |   2305 |   4 | 1061.2 |
       Dungeon |   4245 |   4140 |    105 |    872 |   2305 |   4 | 1061.2 |
               +--------+--------+--------+--------+--------+-----+--------+

Top non-repeatable levels by time:
     D:1: 1228 daAuts
     D:4: 1210 daAuts
     D:2: 906 daAuts
     D:3: 900 daAuts
